 Dungeon Crawl Stone Soup version 0.31-a0-702-gf82c85558f (webtiles) character file.

Game seed: 871967824170181304

18 qw the Shooter (level 2, 0/17 HPs)
             Began as a Gargoyle Hunter on Sept 8, 2023.
             Frozen to death by an endoplasm (5 damage)
             ... on level 1 of the Dungeon.
             The game lasted 00:00:09 (269 turns).

qw the Shooter (Gargoyle Hunter)                     Turns: 269, Time: 00:00:09

Health: 0/17       AC:  5    Str: 14    XL:     2   Next: 70%
Magic:  2/2        EV: 11    Int:  9    God:
Gold:   9          SH:  0    Dex: 13    Spells: 1/1 levels left

rFire   . . .        a - +0 shortbow
rCold   . . .        (shield currently unavailable)
rNeg    + . .        c - +0 leather armour
rPois   inf          (no helmet)
rElec   +            (no cloak)
rCorr   .            (no gloves)
SInv    .            (no boots)
Will    .....        (no amulet)
Stlth   +            (no ring)
HPRegen 0.22/turn    (no ring)
MPRegen 0.08/turn

%: no passive effects
@: no status effects
A: sickness immunity, AC +2, negative energy resistance 1, electricity
resistance, torment resistance 1, petrification resistance
a: no special abilities


You were on level 1 of the Dungeon.
You visited 1 branch of the dungeon, and saw 1 of its levels.

You collected 9 gold pieces.


Innate Abilities, Weirdness & Mutations

You are immune to sickness and miasma.
Your stone body is resilient. (AC +2)
You are immune to poison.
You resist negative energy. (rN+)
You are resistant to electric shocks. (rElec)
You are resistant to unholy torment.
You are immune to petrification.


   Skills:
 - Level 2.1 Fighting
 + Level 4.7 Ranged Weapons
 - Level 1.5 Dodging
 - Level 1.1 Stealth


You had one spell level left.
You didn't know any spells.
Your spell library was empty.

Inventory:

Hand Weapons
 a - a +0 shortbow (weapon)
Armour
 c - a +0 leather armour (worn)
 e - a +0 pair of boots
Scrolls
 b - a scroll of butterflies
 d - 3 scrolls of identify {unknown}
Potions
 f - a potion of degeneration {unknown}

Dungeon Overview and Level Annotations

Branches:
Dungeon (1/15)

Altars:


Message History

The quokka bites you but does no damage.
You shoot an arrow. The arrow barely misses the quokka.
The quokka closely misses you.
The quokka bites you but does no damage.
You shoot an arrow. The arrow closely misses the quokka.
The quokka closely misses you.
You shoot an arrow. The arrow barely misses the quokka.
The quokka barely misses you.
You shoot an arrow. The arrow hits the quokka.
You kill the quokka!
You start resting.
HP restored.
e - a +0 pair of boots A hobgoblin comes into view.
The hobgoblin shouts!
You shoot an arrow. The arrow hits the hobgoblin.
The hobgoblin is heavily wounded.
You shoot an arrow. The arrow hits the hobgoblin.
You kill the hobgoblin!
f - a fizzy red potion As you open the door, it creaks loudly!
There is an open door here.
An endoplasm comes into view.
You shoot an arrow. The arrow hits the endoplasm.
The endoplasm is moderately wounded.
You shoot an arrow. The arrow barely misses the endoplasm.
The endoplasm freezes you.
You are frozen.
You shoot an arrow. The arrow hits the endoplasm.
The endoplasm is almost dead.
The endoplasm freezes you.
You are frozen.
The endoplasm freezes you.
You are frozen.
You shoot an arrow.
The arrow hits the endoplasm but does no damage.
The endoplasm is almost dead.
The endoplasm freezes you.
You are frozen.
You die...

......# ¤¤.7.770####.#
......##¤#.## ## .....
###...0¤¤# ....#
##.....#. ....#
##......#.##### ....#
....#%####.....##....###
.##.#.# #...... .......
#.#.#####....##....#
#............J@....#
#.#.#####....#####.#
###.#.#........#
..%.#.#.###.#..#####.#
......................
.##.#.#.#...########.#
......#.........%...
..#.........########
.......###..#


You could see an endoplasm.

Vanquished Creatures
  A gnoll (D:1)
  A bat (D:1)
  2 endoplasms (D:1)
  2 hobgoblins (D:1)
  A quokka (D:1)
  A rat (D:1)
8 creatures vanquished.

Notes
Turn   | Place    | Note
-------+----------+-------------------------------------------
     0 | D:1      | qw the Gargoyle Hunter began the quest for the Orb.
     0 | D:1      | Reached XP level 1. HP: 12/12 MP: 1/1
     0 | D:1      | 0 ||| qw: Version: 0.3-a-76-g4403597
     0 | D:1      | 0 ||| qw: Game counter: 1236
     0 | D:1      | 0 ||| qw: Melee chars always use a shield: true
     0 | D:1      | 0 ||| qw: God list: Okawaru
     0 | D:1      | 0 ||| qw: Allow faded altars: false
     0 | D:1      | 0 ||| qw: Do Orc after clearing Dungeon:15 true
     0 | D:1      | 0 ||| qw: Do second Lair branch before Depths: true
     0 | D:1      | 0 ||| qw: Lair rune preference: random
     0 | D:1      | 0 ||| qw: Goals: Normal
     0 | D:1      | 0 ||| PLANNING D:1-11
    59 | D:1      | Reached XP level 2. HP: 7/17 MP: 2/2
   176 | D:1      | Found a faded altar of an unknown god.
   268 | D:1      | HP: 4/17 [frozen (5)]
   269 | D:1      | Frozen to death by an endoplasm

Levels and vault maps discovered:
D:1:      heliophobic_arrival_enchanted_forest, layout_basic,
          shapermc_ecumenical_altar_rom_forum

Action                     || total
---------------------------++-------
   Fire: Shortbow          ||    34
 Armour: Leather armour    ||    10
  Dodge: Dodged            ||    10

Table legend:
 A = Non-vault XP
 B = Vault XP
 C = Vault XP percentage of total XP
 D = Non-vault monster count
 E = Vault monster count
 F = Vault count percentage of total count
                 A         B        C        D         E       F
            +---------+---------+-------+---------+---------+-------
      Total |      27 |       0 |   0.0 |       8 |       0 |   0.0
            +---------+---------+-------+---------+---------+-------
        D:1 |      27 |       0 |   0.0 |       8 |       0 |   0.0
            +---------+---------+-------+---------+---------+-------
